 Dungeon Crawl Stone Soup version 0.18-a0-1468-gaf180a1 (console) character file.

151 Liam the Conjurer (level 5, -4/28 HPs)
             Began as a Deep Elf Conjurer on Mar 1, 2016.
             Was an Initiate of Vehumet.
             Slain by Grinder (5 damage)
             ... on level 3 of the Dungeon.
             The game lasted 00:02:22 (1608 turns).

Liam the Conjurer (Deep Elf Conjurer)               Turns: 1608, Time: 00:02:22

Health: -4/28      AC:  3    Str:  5    XL:     5   Next: 11%
Magic:  13/15      EV: 13    Int: 21    God:    Vehumet [......]
Gold:   163        SH:  0    Dex: 15    Spells: 2 memorised, 10 levels left

rFire  . . .     SeeInvis .     (no weapon)
rCold  . . .     Gourm    .     a - +0 robe
rNeg   . . .     Faith    .     (no shield)
rPois  .         Spirit   .     (no helmet)
rElec  .         Dismiss  .     m - +0 cloak
rCorr  .         Reflect  .     (no gloves)
SustAt .         Harm     .     (no boots)
MR     .....                    (no amulet)
Stlth  ++........               (no ring)
                                (no ring)

@: not resistant to hostile enchantments, unstealthy
A: no striking features
a: Renounce Religion


You were on level 3 of the Dungeon.
You worshipped Vehumet.
Vehumet was noncommittal.
You were not hungry.

You visited 1 branch of the dungeon, and saw 3 of its levels.

You collected 163 gold pieces.

Inventory:

Armour
 a - a +0 robe (worn)
 m - a +0 cloak (worn)
Wands
 o - a wand of polymorph (6/24)
 q - a wand of random effects (25/48)
Scrolls
 e - a scroll of noise {unknown}
 f - 2 scrolls of enchant armour {unknown}
 g - a scroll of remove curse {unknown}
 j - a scroll of blinking {unknown}
 p - 2 scrolls of identify {unknown}
 r - a scroll of random uselessness {unknown}
Potions
 d - 3 potions of curing
 h - a potion of cure mutation {unknown}
 i - a potion of invisibility {unknown}
 l - 2 potions of ambrosia {unknown}
 n - a potion of lignification {unknown}
 s - a potion of heal wounds {unknown}
 t - a potion of agility {unknown}
Books
 b - a book of Conjurations

   Spells                             Type                      Level
   a - Magic Dart                     Conjuration                  1
   b - Searing Ray                    Conjuration                  2
   c - Dazzling Spray                 Conjuration/Hexes            3
   d - Fulminant Prism                Conjuration/Hexes            4
   e - Iskenderun's Mystic Blast      Conjuration                  4
   f - Iskenderun's Battlesphere      Conjuration/Charms           5
Comestibles
 c - 3 bread rations
 k - a beef jerky


   Skills:
 - Level 2.4 Dodging
 - Level 2.4 Stealth
 + Level 5.5 Spellcasting
 + Level 5.8 Conjurations


You had 10 spell levels left.
You knew the following spells:

 Your Spells              Type           Power        Failure   Level  Hunger
a - Magic Dart            Conj           ####         1%          1    None
x - Iskenderun's Mystic   Conj           ####....     12%         4    ####...


Dungeon Overview and Level Annotations

Branches:
Dungeon (3/15)

Altars:
Cheibriados
Makhleb
Okawaru
Vehumet
Xom
Yredelemnul

Annotations:
D:3 Grinder


Message History

Press: ? - help, Shift-Dir - straight line, f/p - Grinder
Aim: Grinder (moderately wounded)
The magic dart hits Grinder.
Grinder is moderately wounded.
Grinder gestures at you.
You suddenly lose the ability to move!
Grinder hits you.
You writhe in agony.
Grinder hits you! Grinder hits you.
You writhe in agony.
* * * LOW HITPOINT WARNING * * *
Grinder hits you.
* * * LOW HITPOINT WARNING * * *
You writhe in agony.
* * * LOW HITPOINT WARNING * * *
You can move again.
Drink which item? (? for menu, Esc to quit)
It was a potion of curing.
You feel better. Grinder hits you!
* * * LOW HITPOINT WARNING * * *
You writhe in agony.
You die...

#.....# #...#. #.....#
####..... #.....#
#........ ###..##
#.##..... #...####
#.##..... #.#....#
#.#......
#.####.###.†.....# #.#
#......######
#@#####.....# ##
#....5....<.....## #.
#..........#.#..# #.
#....#.###....#.######.
######.#####....<)..##.
#....<.....†.#....
#............##...
#...............##
#.............#...


You could see Grinder.

Vanquished Creatures
  Ijyb (D:2)
  Crazy Yiuf (D:2)
  Jessica (D:2)
  3 adders (D:2)
  3 worms (D:2)
  A giant gecko (D:2)
  An orc (D:3)
  A giant cockroach (D:2)
  5 goblins (D:1)
  5 hobgoblins
  5 kobolds
  3 bats
  5 giant newts
  5 rats
40 creatures vanquished.

Notes
Turn   | Place    | Note
--------------------------------------------------------------
     0 | D:1      | Liam the Deep Elf Conjurer began the quest for the Orb.
     0 | D:1      | Reached XP level 1. HP: 10/10 MP: 6/6
   138 | D:1      | Reached XP level 2. HP: 15/15 MP: 5/8
   755 | D:2      | Found a basalt altar of Yredelemnul.
   763 | D:2      | Found a snail-covered altar of Cheibriados.
   820 | D:2      | Noticed Crazy Yiuf
   835 | D:2      | Killed Crazy Yiuf
   835 | D:2      | Reached skill level 5 in Conjurations
   835 | D:2      | Reached XP level 3. HP: 13/19 MP: 4/11
   936 | D:2      | Noticed Jessica
   950 | D:2      | Killed Jessica
   950 | D:2      | Reached XP level 4. HP: 22/24 MP: 6/12
   957 | D:2      | Learned a level 4 spell: Iskenderun's Mystic Blast
  1009 | D:2      | Reached skill level 5 in Spellcasting
  1043 | D:2      | Found a shimmering altar of Xom.
  1067 | D:2      | Noticed Ijyb
  1086 | D:2      | Killed Ijyb
  1109 | D:2      | Reached XP level 5. HP: 17/28 MP: 0/14
  1224 | D:2      | Found a radiant altar of Vehumet.
  1441 | D:2      | Found an iron altar of Okawaru.
  1447 | D:2      | Found a burning altar of Makhleb.
  1532 | D:2      | Became a worshipper of Vehumet
  1600 | D:3      | Noticed Grinder
  1603 | D:3      | Paralysed by Grinder for 5 turns
  1607 | D:3      | HP: 1/28 [Grinder (3)]
  1608 | D:3      | Slain by Grinder

Vault maps used:
D:1:      dpeg_arrival_fog, minmay_strange_pillars
D:2:      xom_butterflies, minitemple, old_standard_altar,
          minmay_misc_feat_cross, uniq_crazy_yiuf_cottage, uniq_jessica,
          uniq_iyjb
D:3:      roderic_batcave, makhleb_altar_promises_db, uniq_grinder, uniq_terence

Skill      XL: |  1  2  3  4 |
---------------+-------------+-----
Spellcasting   | 4 5 |  5.5
Conjurations   | 5 |  5.8
Dodging        | |  2.4
Stealth        | |  2.4

Action                   |  1- 3 |  4- 6 || total
-------------------------+-------+-------++-------
 Cast: Magic Dart        |    63 |    42 ||   105
  Use: Potion            |       |     1 ||     1
  Eat: Chunk             |       |     2 ||     2
